 Dungeon Crawl Stone Soup version 0.17.0-24-gcfadda4 (console) character file.

166 Kloppie the Caller (level 5, -1/32 HPs)
             Began as a Gargoyle Summoner on Nov 17, 2015.
             Killed by nerve-wracking pain
             ... invoked by an orc priest
              (8 damage)
             ... on level 4 of the Dungeon.
             The game lasted 00:09:51 (4229 turns).

Kloppie the Caller (Gargoyle Summoner)              Turns: 4229, Time: 00:09:52

Health: -1/32      AC:  9    Str: 12    XL:     5   Next: 47%
Magic:  2/8        EV: 10    Int: 16    God:
Gold:   179        SH:  0    Dex: 10    Spells: 3 memorised, 2 levels left

rFire  . . .     SeeInvis +     i - +0 whip
rCold  . . .     Clarity  .     m - +0 ring mail
rNeg   + . .     SustAt   .     (no shield)
rPois  ∞         Gourm    .     (no helmet)
rElec  +         Spirit   .     (no cloak)
rCorr  .         Warding  .     (no gloves)
rMut   .         Stasis   .     (no boots)
MR     .....                    (no amulet)
Stlth  +.........               (no ring)
                                k - ring of see invisible

@: not resistant to hostile enchantments, very unstealthy
A: negative energy resistance 1, electricity resistance, unbreathing,
petrification resistance, rot immunity, AC +4
a: no special abilities


You were on level 4 of the Dungeon.
You were hungry.

You visited 1 branch of the dungeon, and saw 4 of its levels.

You collected 179 gold pieces.

Inventory:

Hand Weapons
 i - a +0 whip (weapon)
Armour
 a - a +0 robe
 j - a +0 buckler
 m - a +0 ring mail (worn)
Jewellery
 k - a ring of see invisible (left hand)
Scrolls
 d - a scroll of enchant armour {unknown}
 g - 5 scrolls of identify {unknown}
 h - 2 scrolls of blinking {unknown}
 l - a scroll of magic mapping {unknown}
 r - 2 scrolls of fog {unknown}
 s - a scroll of enchant weapon {unknown}
 t - a scroll of teleportation {unknown}
 u - a scroll of noise {unknown}
 v - a scroll of recharging {unknown}
Potions
 e - a potion of curing {unknown}
 p - 2 potions of degeneration {unknown}
 q - a potion of berserk rage {unknown}
Books
 b - a book of Callings

   Spells                             Type                      Level
   a - Summon Small Mammal            Summoning                    1
   b - Call Imp                       Summoning                    2
   c - Call Canine Familiar           Summoning                    3
   d - Summon Guardian Golem          Hexes/Summoning              3
   e - Summon Lightning Spire         Summoning/Air                4
   f - Summon Ice Beast               Ice/Summoning                4
Comestibles
 c - 4 bread rations
 f - 3 meat rations
 n - 3 fruits
 o - a beef jerky
 w - a chunk of flesh


   Skills:
 + Level 3.2 Fighting
 + Level 1.3 Maces & Flails
 - Level 1.5 Dodging
 - Level 2.1 Stealth
 - Level 2.0 Spellcasting
 + Level 4.9 Summonings


You had 2 spell levels left.
You knew the following spells:

 Your Spells              Type           Power        Failure   Level  Hunger
a - Summon Small Mammal   Summ           ###.         10%         1    #......
b - Call Imp              Summ           ###.....     12%         2    ###....
c - Call Canine Familiar  Summ           ###.....     21%         3    ###....


Dungeon Overview and Level Annotations

Branches:
Dungeon (4/15)
 Temple: D:4-7

Altars:
The Shining One

Shops:
D:4 [


Innate Abilities, Weirdness & Mutations

You are resistant to torment.
Your stone body is resilient (AC +4).
You are immune to poison.
You resist negative energy.
You are resistant to electric shocks.
You can survive without breathing.
You are immune to petrification.
You are immune to rotting.


Message History

Anything else - Stay silent.
Gang up on whom?
Press: ? - help, Dir - move target cursor, f - orc priest
Aim: an orc priest, wielding a mace and wearing a leather armour Attack!
The orc priest invokes the aid of Beogh against you.
Pain shoots through your body!
The orc priest looks braver for a moment.
Your hound bites the orc priest but does no damage.
Your hound bites the orc priest.
Your hound bites the orc priest but does no damage.
The orc priest mumbles some strange prayers to Beogh against you.
Something smites you!
* * * LOW HITPOINT WARNING * * *
Your hound bites the orc priest.
The orc hits your hound with a flail of protection.
Your hound bites the orc priest but does no damage.
The orc priest calls down the wrath of Beogh upon you.
Pain shoots through your body!
You die...

#.##.# #.# #.##.###.#
#........# ####.#####
##########.###
####...##.......#
#......##.#...#.# #####
#.##......#...#.####...#
#.#######<#...#.@..oh#.#
#.# #.#####.####o..# #.#
#.#####.# ##.##
#.#######.......# #.#
#......######.### #.####
#.####.# #.# #.##.##
.....#.# ##'## #o#.#.##
#.##.#.# ##.>.##
#..###.# #....#.#
##.....## ###.#.##


You could see an orc priest, an orc and a friendly hound.

Vanquished Creatures
  A gnoll (D:2)
  2 adders (D:4)
  An ooze (D:2)
  A worm (D:3)
  6 giant geckos
  2 orcs
  5 bats
  A giant cockroach (D:1)
  6 goblins
  4 hobgoblins
  5 jackals (D:4)
  5 kobolds
  2 quokkas
  A giant newt (D:3)
  7 rats
49 creatures vanquished.

Vanquished Creatures (collateral kills)
  A hound (D:4)
  2 river rats (D:3)
  An adder (D:4)
  5 gnolls (D:2)
  3 worms
  A giant cockroach (D:3)
  A hobgoblin (D:3)
  A quokka (D:2)
  A bat (D:1)
  A goblin (D:1)
  A kobold (D:1)
  3 rats (D:3)
21 creatures vanquished.

Grand Total: 70 creatures vanquished

Notes
Turn   | Place    | Note
--------------------------------------------------------------
     0 | D:1      | Kloppie the Gargoyle Summoner began the quest for the Orb.
     0 | D:1      | Reached XP level 1. HP: 10/10 MP: 3/3
   373 | D:1      | Reached skill level 1 in Fighting
   411 | D:1      | Reached XP level 2. HP: 8/16 MP: 5/5
   823 | D:1      | Reached skill level 4 in Summonings
  1167 | D:1      | Learned a level 2 spell: Call Imp
  1484 | D:2      | Reached XP level 3. HP: 18/20 MP: 6/6
  1500 | D:2      | Found a glowing golden altar of the Shining One.
  2237 | D:2      | Learned a level 3 spell: Call Canine Familiar
  2260 | D:2      | Reached XP level 4. HP: 19/27 MP: 7/7
  3066 | D:3      | Found a glowing drain.
  3394 | D:3      | Reached XP level 5. HP: 27/32 MP: 8/8
  3672 | D:4      | Found Hatwonya's Armour Shop.
  3905 | D:4      | Reached skill level 1 in Maces & Flails
  4229 | D:4      | Killed from afar by an orc priest

Action                   |  1- 3 |  4- 6 || total
-------------------------+-------+-------++-------
Melee: Short sword       |    46 |       ||    46
       Unarmed           |    10 |       ||    10
       Whip              |    53 |   236 ||   289
 Cast: Summon Small Mamm |     6 |       ||     6
       Call Imp          |    10 |    10 ||    20
       Call Canine Famil |       |     2 ||     2
 Stab: Sleeping          |     2 |       ||     2
  Eat: Chunk             |     5 |     7 ||    12
